 Dungeon Crawl Stone Soup version 0.30.1-9-gdf580d7c3d (webtiles) character file.

Game seed: 11779017401000413570

93 Peloso the Covered (level 4, 40/40 HPs)
             Began as a Minotaur Fighter on Sept 29, 2023.
             Got out of the dungeon alive.
             The game lasted 00:02:57 (1838 turns).

Peloso the Covered (Minotaur Fighter)               Turns: 1838, Time: 00:02:57

Health: 40/40      AC:  8    Str: 21    XL:     4   Next: 36%
Magic:  3/3        EV:  9    Int:  5    God:
Gold:   111        SH:  4    Dex:  9    Spells: 3/3 levels left

rFire   . . .        a - +0 long sword
rCold   . . .        d - +0 buckler
rNeg    . . .        b - +0 scale mail
rPois   .            (helmet restricted)
rElec   .            (no cloak)
rCorr   .            c - +0 pair of gloves
SInv    .            (no boots)
Will    +....        (no amulet) Stlth
                     (no ring)
HPRegen 0.26/turn    (no ring)
MPRegen 0.08/turn

%: no passive effects
@: no status effects
A: horns 2, retaliatory headbutt, clumsy 1, strong-willed 1
a: no special abilities


You escaped.
You visited 1 branch of the dungeon, and saw 3 of its levels.

You collected 111 gold pieces.

Inventory:

Hand Weapons
 a - a +0 long sword (weapon)
Armour
 b - a +0 scale mail (worn)
 c - a +0 pair of gloves (worn)
 d - a +0 buckler (worn)
Jewellery
 l - a ring of protection from cold
Scrolls
 i - a scroll of teleportation
Potions
 g - a potion of might
 h - 2 potions of heal wounds


   Skills:
 + Level 4.3 Fighting
 + Level 3.3 Long Blades
 + Level 4.5 Armour
 + Level 1.0 Dodging
 + Level 4.3 Shields


You had 3 spell levels left.
You didn't know any spells.
Your spell library contained the following spells:

 Spells                   Type           Power      Damage    Failure   Level
 Ensorcelled Hibernation  Hex/Ice        0%         N/A       95%         2
 Lesser Beckoning         Tloc           0%         N/A       95%         2
 Passwall                 Tmut/Erth      0%         N/A       95%         2
 Gell's Gravitas          Tloc           0%         N/A       99%         3
 Swiftness                Air            0%         N/A       99%         3
 Teleport Other           Tloc           0%         N/A       99%         3


Dungeon Overview and Level Annotations

Branches:
Dungeon (3/15)

Altars:

Shops:
D:1 [   D:2 (


Innate Abilities, Weirdness & Mutations

You have a pair of horns on your head.
You reflexively headbutt those who attack you in melee.
You are clumsy. (Dex -2)
You are strong-willed. (Will+)


Message History

It was a potion of mutation.
You feel extremely strange.
You feel clumsy.
You feel strong-willed.
(D) Dungeon
Where to? (Enter - D:12, ? - help)
What level of the Dungeon? (default 1, ? - help)
You are too confused!
You start waiting.
You feel less invigorated.
You feel less confused.
You start waiting.
You feel your willpower return.
You start waiting.
Done waiting.
(D) Dungeon
Where to? (Enter - D:1 @ (x,y), ? - help)
What level of the Dungeon? (default 1, ? - help)
There is a stone staircase leading down here.
You climb downwards.
Found a scroll labelled ASEURE NUEN.
There is a stone staircase leading up here.
A frilled lizard is nearby!
Unknown command.
The frilled lizard bites you but does no damage.
You slash the frilled lizard!
You kill the frilled lizard!
(D) Dungeon
Where to? (Enter - D:9, ? - help)
What level of the Dungeon? (default 1, ? - help)
There is a stone staircase leading up here.
You climb upwards.
There is a stone staircase leading down here.
There is a large open door here.
There is a stone staircase leading up here.
You climb upwards.
There is a stone staircase leading down here.
There is an open door here.
There is an open door here.
There is a staircase leading out of the dungeon here.
Are you sure you want to leave the Dungeon?
This will make you lose the game!
You have escaped!

#.....######.....#..###........
#.....#....#.######...#....####
#....##.##.#......###.##...#
#...+#..##.######.#...##'..#
#...#..###.# #....#.###.#..#
#..#######.###.####.#...##.#
#..######...##'####.#.####.#
#..##.....#.'...'.....####.#
#..'..#.#####.@.#######..'.#
###..####.#...'...'.#..(..##.#
.....####.#.####'##...######.#
###..##...#.####.###########.#
#...#.###.#........###..#..#
#...'##...#.######.##..#'..# #
#....##.###......#.##.##...# #
#.....#...######.#....#....# ##
#.....###..#.....######....###.


There were no monsters in sight!

Vanquished Creatures
  Jessica (D:2)
  An adder (D:2)
  2 worms (D:2)
  5 bats (D:1)
  4 endoplasms
  A giant cockroach (D:1)
  5 goblins
  7 hobgoblins
  3 quokkas
  9 ball pythons
  3 frilled lizards
  3 kobolds
  3 rats
47 creatures vanquished.

Notes
Turn   | Place    | Note
-------+----------+-------------------------------------------
     0 | D:1      | Peloso the Minotaur Fighter began the quest for the Orb.
     0 | D:1      | Reached XP level 1. HP: 19/19 MP: 0/0
   171 | D:1      | Reached XP level 2. HP: 27/27 MP: 1/1
   307 | D:1      | Found a faded altar of an unknown god.
   791 | D:1      | Found Ufraoj's Antique Armour Shoppe.
   800 | D:1      | Reached XP level 3. HP: 26/33 MP: 2/2
   948 | D:2      | Found Tauskyetz's Weapon Shoppe.
   971 | D:2      | Noticed Jessica
   978 | D:2      | Killed Jessica
  1074 | D:2      | Reached XP level 4. HP: 31/40 MP: 3/3
  1181 | D:2      | Reached skill level 1 in Dodging
  1633 | D:2      | Gained mutation: You are clumsy. (Dex -2) [potion of
                  | mutation]
  1633 | D:2      | Gained mutation: You are strong-willed. (Will+) [potion of
                  | mutation]
  1838 | D:$      | Got out of the dungeon alive.

Illustrated notes

Levels and vault maps discovered:
D:1:      nicolae_arrival_somewhat_less_tricky_arrival, layout_loops_ring,
          ebering_ecumenical_altar_webs, serial_shops, nicolae_lakefront_shop,
          minmay_pentomino_t4
D:2:      layout_loops_ring, serial_shops, nicolae_shop_hallway_stairs,
          uniq_jessica
D:3:      layout_loops_corners, minmay_misc_feat_roman, uniq_grinder

Skill      XL: |  1  2  3  4 |
---------------+-------------+-----
Shields        | 4 |  4.3
Armour         | 4 |  4.5
Fighting       | 4 |  4.3
Long Blades    | 3 |  3.3
Dodging        | 1 |  1.0

Action                     |  1- 3 |  4- 6 || total
---------------------------+-------+-------++-------
  Melee: Long sword        |    80 |    39 ||   119
         Headbutt          |    11 |     6 ||    17
    Use: Scroll            |       |     3 ||     3
         Potion            |       |     3 ||     3
 Armour: Scale mail        |    56 |    25 ||    81
  Dodge: Dodged            |    42 |    16 ||    58
  Block: Buckler           |    18 |     6 ||    24
